 Dungeon Crawl Stone Soup version 0.29.1-2-gbd0b4ee654 (webtiles) character file.

Game seed: 10259157343198128121

123 BlackCrag the Conjurer (level 4, -10/24 HPs)
             Began as a Deep Elf Conjurer on Oct 23, 2022.
             Mangled by Duvessa
             ... wielding a +0 short sword
              (13 damage)
             ... on level 4 of the Dungeon.
             The game lasted 00:25:58 (2927 turns).

BlackCrag the Conjurer (Deep Elf Conjurer)          Turns: 2927, Time: 00:25:59

Health: -10/24     AC:  2    Str:  4    XL:     4   Next: 80%
Magic:  8/12       EV: 12    Int: 25    God:
Gold:   116        SH:  0    Dex: 13    Spells: 2/12 levels left

rFire   . . .      SeeInvis .   g - +2 dagger (speed)
rCold   . . .      Faith    .   (no shield)
rNeg    . . .      Spirit   .   a - +0 robe
rPois   .          Reflect  .   (no helmet)
rElec   .          Harm     .   (no cloak)
rCorr   .          Rampage  .   (no gloves)
Will    ++...                   (no boots)
Stlth   ++........              (no amulet)
HPRegen 0.08/turn               j - ring of willpower
MPRegen 0.13/turn               k - ring of willpower

@: no status effects
A: no striking features
a: no special abilities


You were on level 4 of the Dungeon.
You visited 1 branch of the dungeon, and saw 4 of its levels.

You collected 116 gold pieces.

Inventory:

Hand Weapons
 g - a +2 dagger of speed (weapon)
 o - a +3 dagger
Armour
 a - a +0 robe (worn)
Jewellery
 j - a ring of willpower (left hand)
 k - a ring of willpower (right hand)
Wands
 n - a wand of digging (6)
Scrolls
 d - a scroll of amnesia
 e - 4 scrolls of teleportation {unknown}
 h - a scroll of magic mapping {unknown}
 l - a scroll of silence {unknown}
 p - a scroll of poison {unknown}
 q - a scroll of brand weapon {unknown}
Potions
 c - a potion of heal wounds
 f - 4 potions of curing
 i - 2 potions of ambrosia {unknown}
 m - a potion of brilliance {unknown}
 r - a potion of flight {unknown}


   Skills:
 + Level 2.8 Dodging
 + Level 3.2 Stealth
 + Level 4.6 Spellcasting
 + Level 5.6 Conjurations


You had 2 spell levels left.
You knew the following spells:

 Your Spells              Type           Power      Damage    Failure   Level
a - Magic Dart            Conj           100%       1d8       1%          1
b - Searing Ray           Conj           68%        2d6       1%          2
c - Dazzling Flash        Conj/Hex       40%        N/A       8%          3
d - Fulminant Prism       Conj/Hex       10%        3d9       26%         4

Your spell library contained the following spells:

 Spells                   Type           Power      Damage    Failure   Level
 Iskenderun's Battlesphe  Conj           34%        2d9       22%         5
 Iskenderun's Mystic Bla  Conj/Tloc      19%        2d6       26%         4
 Fireball                 Conj/Fire      9%         3d6       58%         5
 Silence                  Hex/Air        2%         N/A       93%         5
 Agony                    Necr           5%         N/A       94%         5
 Conjure Ball Lightning   Conj/Air       9%         3x3d6     99%         6
 Orb of Destruction       Conj           17%        9d7       100%        7


Dungeon Overview and Level Annotations

Branches:
Dungeon (4/15)
 Temple: D:4-7

Altars:

Shops:
D:3 (

Annotations:
D:4 Dowan, Duvessa


Message History

The searing ray hits Duvessa.
Duvessa is lightly wounded. (Press . to maintain the ray.)
The searing ray hits Duvessa.
Duvessa is lightly wounded.
Duvessa hits you with a +0 short sword!
The searing ray hits Duvessa.
Duvessa is moderately wounded.
Duvessa hits you with a +0 short sword!
* * * LOW HITPOINT WARNING * * *
You feel much better. Duvessa hits you with a +0 short sword!
Casting: Searing Ray (safe; 1% risk of failure)
Confirm with . or Enter, or press ? or * to list all spells.
You don't have enough magic to cast this spell.
Magic courses through your body. Duvessa closely misses you.
Casting: Searing Ray (safe; 1% risk of failure)
Confirm with . or Enter, or press ? or * to list all spells.
The spell is quite dangerous to miscast (8% risk of failure)!
Continue anyway? [Y]es or [N]o only, please.
The spell is quite dangerous to miscast (8% risk of failure)!
Continue anyway?
Casting: Dazzling Flash (quite dangerous; 8% risk of failure)
Press: ? - help, Dir - look around, f - activate Duvessa is dazzled.
Dowan shouts!
Duvessa is no longer blind.
Duvessa attacks as you move away! Duvessa hits you with a +0 short sword.
Casting: Dazzling Flash (quite dangerous; 8% risk of failure)
Confirm with . or Enter, or press ? or * to list all spells.
Aiming: Searing Ray (safe; 1% risk of failure)
Press: ? - help, Shift-Dir - straight line The searing ray hits Duvessa.
Duvessa is moderately wounded. (Press . to maintain the ray.) Duvessa hits you with a +0 short sword!
* * * LOW HITPOINT WARNING * * *
The searing ray hits Duvessa.
Duvessa is heavily wounded.
Duvessa hits you with a +0 short sword!
Ouch! That really hurt!
You die...

#........# #.....
#####.#### #...#
#.....# #+##
#.###.####### #.#
#.......#
##.###e#####.# #
#.......# #.# ..#
#.##..#.####.#.....
#.##..#.#.e@........
#.##..#.#.##.###.###
#.##.........#
#.#####.######
#.#####.# #.......#
#########


You could see Duvessa.

Vanquished Creatures
  An iguana (D:3)
  An adder (D:2)
  3 worms
  3 dart slugs
  4 orcs
  5 endoplasms
  5 giant cockroaches
  3 goblins
  4 hobgoblins
  4 jackals (D:3)
  A quokka (D:3)
  7 ball pythons
  6 bats
  10 frilled lizards
  5 kobolds
  8 rats
70 creatures vanquished.

Vanquished Creatures (others)
  3 fulminant prisms
  2 plants (D:1)
5 creatures vanquished.

Grand Total: 75 creatures vanquished

Notes
Turn   | Place    | Note
-------+----------+-------------------------------------------
     0 | D:1      | BlackCrag the Deep Elf Conjurer began the quest for the
                  | Orb.
     0 | D:1      | Reached XP level 1. HP: 10/10 MP: 6/6
   163 | D:1      | Reached XP level 2. HP: 15/15 MP: 0/8
   239 | D:1      | Learned a level 2 spell: Searing Ray
   688 | D:2      | Reached skill level 5 in Conjurations
   723 | D:2      | Reached XP level 3. HP: 19/19 MP: 7/10
   834 | D:2      | Learned a level 3 spell: Dazzling Flash
  1869 | D:3      | Reached XP level 4. HP: 19/24 MP: 2/12
  2093 | D:3      | Found a faded altar of an unknown god.
  2172 | D:3      | Learned a level 4 spell: Fulminant Prism
  2473 | D:3      | Found Egaplygu's Weapon Shoppe.
  2893 | D:4      | Noticed Dowan
  2895 | D:4      | Noticed Duvessa
  2927 | D:4      | Mangled by Duvessa

Illustrated notes

Levels and vault maps discovered:
D:1:      minmay_arrival_jagged, layout_rooms, chequers_serial_rivers_marsh,
          serial_bayou_pond_c, minmay_misc_feat_plants, minmay_lizard_pond
D:2:      layout_basic, kennysheep_big_empty_room
D:3:      layout_rooms, hellmonk_ecumenical_altar_run_dry, serial_shops,
          nicolae_shop_bloodbath_and_beyond
D:4:      layout_loops_corners, nicolae_gozag_cash_rules_everything_around_me,
          chequers_serial_rivers_room_b, uniq_edmund, uniq_eustachio,
          uniq_duvessa

Skill      XL: |  1  2  3  4 |
---------------+-------------+-----
Conjurations   | 5 |  5.6
Spellcasting   | 4 |  4.6
Stealth        | 3 |  3.2
Dodging        | |  2.8

Action                   |  1- 3 |  4- 6 || total
-------------------------+-------+-------++-------
Melee: Dagger            |       |     1 ||     1
 Cast: Magic Dart        |    89 |    37 ||   126
       Searing Ray       |       |     4 ||     4
       Fulminant Prism   |       |     3 ||     3
       Dazzling Flash    |       |     1 ||     1
  Use: Scroll            |     3 |       ||     3
       Potion            |       |     3 ||     3
Armor: Robe              |     3 |       ||     3
Dodge: Dodged            |    16 |     5 ||    21
